 Dungeon Crawl Stone Soup version 0.31-a0-486-g8d68a81214 (webtiles) character file.

Game seed: 8927802196491728648

26 AstroCodex24 the Trooper (level 2, -1/24 HPs)
             Began as a Vampire Fighter on Aug 7, 2023.
             Slain by a gnoll
             ... wielding a +0 spear
              (3 damage)
             ... on level 2 of the Dungeon.
             The game lasted 00:01:04 (173 turns).

AstroCodex24 the Trooper (Vampire Fighter)           Turns: 173, Time: 00:01:04

Health: -1/24      AC:  6    Str: 15    XL:     2   Next: 89%
Magic:  2/2        EV:  8    Int: 10    God:
Gold:   13         SH:  4    Dex: 13    Spells: 1/1 levels left

rFire   . . .        a - +0 war axe
rCold   . . .        c - +0 buckler
rNeg    . . .        b - +0 scale mail
rPois   .            (no helmet)
rElec   .            (no cloak)
rCorr   .            (no gloves)
SInv    +            (no boots)
Will    .....        (no amulet) Stlth
                     (no ring)
HPRegen 0.44/turn    (no ring)
MPRegen 0.08/turn

%: no passive effects
@: healing quickly
A: alive, fangs 3, see invisible, vampiric 1
a: Exsanguinate


You were on level 2 of the Dungeon.
You visited 1 branch of the dungeon, and saw 2 of its levels.

You collected 13 gold pieces.

Inventory:

Hand Weapons
 a - a +0 war axe (weapon)
Armour
 b - a +0 scale mail (worn)
 c - a +0 buckler (worn)
Potions
 d - a potion of might
 e - a potion of mutation {unknown}


   Skills:
 + Level 3.1 Fighting
 + Level 2.0 Axes
 + Level 2.7 Armour
 + Level 0.1 Dodging
 + Level 3.0 Shields


You had one spell level left.
You didn't know any spells.
Your spell library was empty.

Dungeon Overview and Level Annotations

Branches:
Dungeon (2/15)

Altars:


Innate Abilities, Weirdness & Mutations

Your natural rate of healing is accelerated.
You have razor-sharp teeth.
You have supernaturally acute eyesight. (SInv)
You are afflicted with vampirism.


Message History

A gnoll is wielding a +0 halberd.
A gnoll is wielding a +0 spear.
The gnoll shouts! x2
A gnoll comes into view. It is wielding a +1 whip of freezing.
The gnoll moves out of view.
The gnoll hits you from afar with a +0 spear.
The gnoll hits you with a +0 spear!
The gnoll hits you from afar with a +0 spear.
You block the gnoll's attack. x2
The gnoll throws a throwing net.
You block the throwing net.
You see here a throwing net.
f - a throwing net Throw: throwing net
Press: ? - help, Q - select action Shift-Dir - straight line, f - gnoll
Aim: a gnoll, wielding a +0 spear (58% to hit)
You throw a throwing net. The throwing net hits the gnoll.
The gnoll is caught in the net!
The gnoll struggles against the net.
The gnoll struggles against the net.
The gnoll barely misses you.
You barely miss the gnoll.
The gnoll struggles against the net.
The gnoll hits you but does no damage. x2; The gnoll struggles against the net.
You catch the helpless gnoll completely off-guard!
You hit the gnoll but do no damage. You bite the gnoll.
The gnoll is moderately wounded.
The gnoll struggles against the net.
The gnoll hits you but does no damage.
You slash the gnoll!
You kill the gnoll!
The gnoll hits you from afar with a +0 spear.
Your Axes skill increases to level 2!
Your Shields skill increases to level 3!
You closely miss the gnoll. You bite the gnoll.
The gnoll is moderately wounded.
You block the gnoll's attack.
The gnoll hits you with a +1 whip of freezing.
* * * LOW HITPOINT WARNING * * *
The gnoll freezes you.
* * * LOW HITPOINT WARNING * * *
The gnoll hits you from afar with a +0 spear.
* * * LOW HITPOINT WARNING * * *
The gnoll hits you from afar with a +0 spear.
You die...

.# # ##### .# .#
.... ##.##. ...
..... ## ... #...
.. #.# #g.# .##
#.# #..#...##
#.#######g.......
#......@gg##...#.
#.######### ...
#####.# . #.....#
#.##### #.# ##
#.# #.# #.# ##.#
#.# ##.#


You could see 3 gnolls.

Vanquished Creatures
  2 gnolls (D:2)
  A dart slug (D:2)
  A ball python (D:2)
  A goblin (D:2)
  A bat (D:2)
  A frilled lizard (D:2)
7 creatures vanquished.

Notes
Turn   | Place    | Note
-------+----------+-------------------------------------------
     0 | D:1      | AstroCodex24 the Vampire Fighter began the quest for the
                  | Orb.
     0 | D:1      | Reached XP level 1. HP: 17/17 MP: 1/1
    85 | D:2      | Reached XP level 2. HP: 18/23 MP: 2/2
   173 | D:2      | Slain by a gnoll

Illustrated notes

Levels and vault maps discovered:
D:1:      dpeg_arrival_water_fire, layout_basic
D:2:      minmay_general_purpose_star, layout_loops_ring, uniq_jessica

Skill      XL: |  1  2 |
---------------+-------+-----
Fighting       | 3 |  3.1
Axes           | 2 |  2.0
Shields        | 3 |  3.0
Armour         | |  2.7
Dodging        | |  0.1

Action                     || total
---------------------------++-------
  Melee: War axe           ||    28
         Bite              ||     3
  Throw: Throwing net      ||     1
   Stab: Held in net/web   ||     1
 Armour: Scale mail        ||    22
  Dodge: Dodged            ||    14
  Block: Buckler           ||     7

Table legend: (Time is in decaauts)
 A = Elapsed time spent in this place.
 B = Non-inter-level travel time spent in this place.
 C = Inter-level travel time spent in this place.
 D = Time resting spent in this place.
 E = Time spent auto-exploring this place.
 F = Levels seen in this place.
 G = Mean time per level.
                   A        B        C        D        E       F      G
               +--------+--------+--------+--------+--------+-----+--------+
         Total |    184 |    156 |     28 |      0 |      0 |   2 |   92.0 |
       Dungeon |    184 |    156 |     28 |      0 |      0 |   2 |   92.0 |
               +--------+--------+--------+--------+--------+-----+--------+

Top non-repeatable levels by time:
     D:2: 173 daAuts
     D:1: 11 daAuts
